 Dungeon Crawl Stone Soup version 0.23.1 (webtiles) character file.

Game seed: 4679328500047102762

24721 Banto the Covert (level 13, -3/88 HPs)
             Began as an Octopode Earth Elementalist on Mar 15, 2019.
             Was an Elder of Sif Muna.
             Slain by a six-headed hydra (13 damage)
             ... on level 4 of the Lair of Beasts.
             The game lasted 00:31:16 (22679 turns).

Banto the Covert (Octopode Earth Elementalist)     Turns: 22679, Time: 00:31:17

Health: -3/88      AC:  1    Str: 11    XL:     13   Next: 15%
Magic:  16/20      EV: 19    Int: 22    God:    Sif Muna [****..]
Gold:   935        SH:  0    Dex: 15    Spells: 3/22 levels left

rFire    . . .     SeeInvis +   m - +2 dagger (venom)
rCold    . . .     Gourm    +   (no shield)
rNeg     + . .     Faith    .   (helmet restricted)
rPois    +         Spirit   .   j - amulet of the gourmand
rElec    .         Reflect  .   k - ring of poison resistance
rCorr    .         Harm     .   p - ring of see invisible
MR       .....                  n - ring of wizardry
Stlth    +++++++...             t - ring of positive energy
HPRegen  0.24/turn              F - +4 ring of strength
MPRegen  0.17/turn              G - ring of stealth
                                I - ring of wizardry
                                (no ring)

@: divine energy
A: almost no armour, stealthy swim, amphibious, 8 rings, constrict 8, camouflage
1, agile 1, gelatinous body 1, MP-powered wands
a: Stop Divine Energy, Channel Magic, Forget Spell, Renounce Religion


You were on level 4 of the Lair of Beasts.
You worshipped Sif Muna.
Sif Muna was greatly pleased with you.
You were very full.

You visited 3 branches of the dungeon, and saw 16 of its levels.
You also visited: Sewer.

You collected 983 gold pieces.
You spent 48 gold pieces at shops.

Inventory:

Hand Weapons
 m - a +2 dagger of venom (weapon)
Missiles
 b - 274 stones
 J - a throwing net (quivered)
Jewellery
 j - an amulet of the gourmand (around mantle)
 k - a ring of poison resistance (left tentacle)
 n - a ring of wizardry (on tentacle)
 p - a ring of see invisible (right tentacle)
 t - a ring of positive energy (on tentacle)
 F - a +4 ring of strength (on tentacle)
 G - a ring of stealth (on tentacle)
 I - a ring of wizardry (on tentacle)
Wands
 x - a wand of digging (11)
 z - a wand of paralysis (10)
 D - a wand of iceblast (25)
 E - a wand of polymorph (11)
 M - a wand of disintegration (16)
Scrolls
 i - 8 scrolls of remove curse
 l - 3 scrolls of fog
 s - 7 scrolls of teleportation
 w - a scroll of enchant armour
 y - a scroll of immolation
 A - 5 scrolls of enchant weapon
 C - 4 scrolls of identify
 L - a scroll of amnesia
 O - a scroll of fear
Potions
 a - 4 potions of ambrosia
 d - 4 potions of flight
 e - 2 potions of berserk rage
 f - 4 potions of mutation
 g - 9 potions of curing
 h - 8 potions of heal wounds
 o - a potion of resistance
 q - 5 potions of magic
 r - 8 potions of agility
 u - a potion of haste {unknown}
 v - 4 potions of lignification
 B - a potion of cancellation
 H - a potion of might
 K - 2 potions of brilliance {unknown}
Comestibles
 c - 25 rations


   Skills:
 + Level 8.0 Fighting
 - Level 8.3 Short Blades
 + Level 8.4 Dodging
 - Level 12.0 Stealth
 - Level 5.1 Spellcasting
 + Level 6.0 Conjurations
 - Level 9.2 Transmutations
 - Level 9.0 Earth Magic


You had 3 spell levels left.
You knew the following spells:

 Your Spells              Type           Power        Failure   Level  Hunger
a - Sandblast             Erth           #####.       1%          1    None
b - Passwall              Tmut/Erth      #####...     1%          2    None
c - Petrify               Tmut/Erth      #####...     1%          4    ####...
d - Lee's Rapid Deconstr  Erth           #####.....   1%          5    #####..
e - Orb of Destruction    Conj           ####......   83%         7    #######

Your spell library contained the following spells:

 Spells                   Type           Power        Failure   Level  Hunger
 Magic Dart               Conj           ####         1%          1    None
 Searing Ray              Conj           ####..       1%          2    None
 Stone Arrow              Conj/Erth      #####.       1%          3    ##.....
 Summon Small Mammal      Summ           #...         2%          1    None
 Dazzling Spray           Conj/Hex       ###...       2%          3    ##.....
 Call Imp                 Summ           #.......     4%          2    None
 Call Canine Familiar     Summ           #.......     9%          3    ##.....
 Summon Guardian Golem    Hex/Summ       #.......     9%          3    ##.....
 Iskenderun's Mystic Bla  Conj           ####....     2%          4    ####...
 Force Lance              Conj/Tloc      ###.....     8%          4    ####...
 Fulminant Prism          Conj/Hex       ###.......   8%          4    ####...
 Bolt of Magma            Conj/Fire/Erth ####......   10%         5    #####..
 Iron Shot                Conj/Erth      #####.....   17%         6    #######
 Iskenderun's Battlesphe  Conj/Chrm      ###.....     21%         5    #####..
 Venom Bolt               Conj/Pois      ###.......   21%         5    #####..
 Summon Ice Beast         Ice/Summ       #.......     24%         4    ####...
 Summon Lightning Spire   Summ/Air       #.......     24%         4    ####...
 Spellforged Servitor     Conj/Summ      ###.......   99%         7    #######


Dungeon Overview and Level Annotations

Branches:
Dungeon (11/15)            Temple (1/1) D:5            Lair (4/6) D:11
  Swamp (0/4) Lair:4       Spider (0/4) Lair:4          Orc (0/2) D:9

Altars:
Dithmenos
Elyvilon
Fedhas
Gozag
Hepliaklqana
Kikubaaqudgha
Makhleb
Nemelex Xobeh
Okawaru
Ru
Sif Muna
Trog
Uskayaw
Vehumet
Xom
Yredelemnul
The Shining One
Beogh
Lugonu

Shops:
D:6 =   D:7 ?

Annotations:
D:4 1 runed translucent door, zedlic's ghost, amateur MiBe
D:11 exclusion: 6 centaurs
Lair:1 exclusion: oklob plant


Innate Abilities, Weirdness & Mutations

You cannot wear most types of armour.
You are very stealthy in the water. (Stealth+)
You are amphibious.
You can wear up to eight rings at the same time.
You can use your tentacles to constrict eight enemies at once.
Your skin changes colour to match your surroundings (Stealth+).
Your rubbery body absorbs attacks. (AC +1, EV +1)
You are agile. (Dex +2)
You expend magic power (3 MP) to strengthen your wands.


Message History

The six-headed hydra bites you! The six-headed hydra bites you.
The six-headed hydra bites you!
* * * LOW HITPOINT WARNING * * *
The six-headed hydra bites you.
* * * LOW HITPOINT WARNING * * *
The six-headed hydra bites you.
* * * LOW HITPOINT WARNING * * *
You see here a chunk of flesh.
Autopickup is now off.
You see here a chunk of flesh.
There is a stone staircase leading up, spattered with blood here.
There is a shaft here.
There is a stone staircase leading up, spattered with blood here.
The six-headed hydra closely misses you.
The six-headed hydra bites you.
* * * LOW HITPOINT WARNING * * *
The six-headed hydra bites you!
* * * LOW HITPOINT WARNING * * *
The six-headed hydra barely misses you. The six-headed hydra bites you!
You die...

#.######.........P# ....
#.##≈≈≈≈.........###..♣ ######
#..#≈≈≈...........#≈≈§§ ≈
..##.###.#≈≈≈≈.............§♣§≈§
.........##≈≈≈............♣♣≈≈§§
.........####P.....^.......♣§§§§
...........................§♣≈§≈
....#.#..............###.#.#.≈≈≈
....##.#........@D...###....#
.......#...................#.#
.......P...................##
...........................P#
.......#.............#..#P.####
#.............................###
.......................≈≈≈≈......
...#.#.................≈≈≈≈......
...≈≈##................≈≈≈≈.#....


You could see a six-headed hydra.

Vanquished Creatures
  Fannar (Lair:3)
  2 hydras
  Erica (D:8)
  A two-headed ogre (D:10)
  3 death yaks (Lair:1)
  A manticore (D:11)
  A gargoyle (D:11)
  6 spiny frogs
  2 komodo dragons
  A rime drake (Lair:4)
  3 kobold demonologists (D:11)
  A troll (D:11)
  A hornet (Lair:4)
  7 hippogriffs
  8 blink frogs
  A wraith (D:10)
  26 yaks
  3 hogs (D:7)
  A human (D:7)
  Grum (D:8)
  5 water moccasins
  5 porcupines
  2 ice beasts
  A black bear (D:11)
  6 orc warriors
  3 sky beasts
  4 ogres
  2 phantoms
  5 centaurs
  8 wolves
  7 crocodiles
  2 big kobolds
  11 bullfrogs
  A wyvern zombie (D:10)
  4 scorpions
  10 killer bees
  A howler monkey (D:8)
  5 wights (D:8)
  An electric eel (Lair:2)
  3 crimson imps
  2 hounds (D:6)
  2 quasits (D:11)
  3 bullfrog zombies
  A jelly (D:5)
  7 orc priests
  15 orc wizards
  2 centaur skeletons (D:11)
  2 iguanas
  5 worker ants
  2 hound zombies
  2 hound skeletons
  2 howler monkey skeletons
  13 gnolls
  12 adders
  2 river rats
  3 shadow imps
  2 oozes
  2 adder skeletons
  An adder zombie (D:4)
  4 dart slugs
  4 leopard geckos
  52 orcs
  4 ball pythons
  6 bats
  9 giant cockroaches
  8 goblins
  7 hobgoblins
  13 jackals
  14 kobolds
  5 quokkas
  9 frilled lizards
  A jackal skeleton (D:8)
  A leopard gecko skeleton (D:5)
  2 quokka skeletons
  15 rats
391 creatures vanquished.

Vanquished Creatures (others)
  A bat (D:2)
  2 demonic plants (D:11)
  9 fungi
  13 plants
25 creatures vanquished.

Grand Total: 416 creatures vanquished

Notes
Turn   | Place    | Note
-------+----------+-------------------------------------------
     0 | D:1      | Banto the Octopode Earth Elementalist began the quest for
                  | the Orb.
     0 | D:1      | Reached XP level 1. HP: 11/11 MP: 3/3
    46 | D:1      | Reached skill level 3 in Stealth
   314 | D:1      | Reached XP level 2. HP: 17/17 MP: 5/5
   762 | D:1      | Reached XP level 3. HP: 21/21 MP: 6/6
   962 | D:1      | Reached skill level 4 in Stealth
  2022 | D:2      | Reached XP level 4. HP: 27/27 MP: 3/7
  2098 | D:2      | Reached skill level 5 in Stealth
  2417 | D:2      | Found a hide-covered altar of Uskayaw.
  2421 | D:2      | Found an iron altar of Okawaru.
  2437 | D:2      | Found a basalt altar of Yredelemnul.
  2620 | D:2      | Gained mutation: Your spells are a little easier to cast,
                  | but a little less powerful. [potion of mutation]
  2620 | D:2      | Lost mutation: Your spells are a little easier to cast, but
                  | a little less powerful. [potion of mutation]
  2620 | D:2      | Gained mutation: Scrolls take you a little longer to read.
                  | [potion of mutation]
  2620 | D:2      | Gained mutation: You are resistant to hostile enchantments.
                  | (MR+) [potion of mutation]
  2636 | D:2      | Lost mutation: You are resistant to hostile enchantments.
                  | (MR+) [potion of mutation]
  2636 | D:2      | Lost mutation: Scrolls take you a little longer to read.
                  | [potion of mutation]
  2636 | D:2      | Gained mutation: You are agile. (Dex +2) [potion of
                  | mutation]
  2636 | D:2      | Gained mutation: You expend magic power (3 MP) to
                  | strengthen your wands. [potion of mutation]
  2734 | D:3      | Reached XP level 5. HP: 13/31 MP: 3/8
  2952 | D:3      | Found a white marble altar of Elyvilon.
  2952 | D:3      | Found a shimmering altar of Xom.
  3390 | D:3      | HP: 1/31 [gnoll/+0 spear (3)]
  3787 | D:3      | Reached skill level 6 in Stealth
  3895 | D:3      | Learned a level 2 spell: Passwall
  3900 | D:3      | Learned a level 4 spell: Petrify
  4307 | D:4      | Noticed a phantom
  4318 | D:4      | Killed a phantom
  4318 | D:4      | Reached skill level 1 in Short Blades
  4318 | D:4      | Reached skill level 5 in Earth Magic
  4318 | D:4      | Reached XP level 6. HP: 26/36 MP: 2/9
  4731 | D:4      | Found a runed translucent door.
  4734 | D:4      | Noticed zedlic's ghost (amateur MiBe)
  4907 | D:4      | HP: 1/36 [orc priest/divine providence (12)]
  5493 | D:4      | Reached skill level 7 in Stealth
  5493 | D:4      | Reached XP level 7. HP: 18/41 MP: 8/10
  6545 | D:5      | Entered Level 5 of the Dungeon
  6684 | D:5      | Found a staircase to the Ecumenical Temple.
  6906 | Temple   | Entered the Ecumenical Temple
  6962 | Temple   | Became a worshipper of Sif Muna the Loreminder
  7143 | D:5      | Found a sparkling altar of Nemelex Xobeh.
  7144 | D:5      | Found a shadowy altar of Dithmenos.
  7145 | D:5      | Found a hazy altar of Hepliaklqana.
  7298 | D:5      | Reached XP level 8. HP: 38/46 MP: 11/11
  7405 | D:5      | Reached skill level 8 in Stealth
  7685 | D:5      | Found a glowing golden altar of the Shining One.
  7860 | D:6      | Found Golusch's Jewellery Shoppe.
  7918 | D:6      | Reached skill level 9 in Stealth
  7977 | D:6      | Found a glowing drain.
  8009 | Sewer    | Entered a sewer
  8023 | Sewer    | Reached * piety under Sif Muna
  8117 | Sewer    | Found a glowing silver altar of Zin.
  8188 | D:6      | Reached XP level 9. HP: 51/51 MP: 9/12
  8220 | D:6      | Learned a level 5 spell: Lee's Rapid Deconstruction
  8288 | D:6      | Reached skill level 5 in Transmutations
  8753 | D:7      | Reached skill level 5 in Short Blades
  8776 | D:7      | Found a sacrificial altar of Ru.
  8819 | D:7      | Found an iron altar of Okawaru.
  8931 | D:7      | Found Ebohemm's Magic Scroll Shoppe.
  8990 | D:7      | Bought a scroll of identify for 24 gold pieces
  8990 | D:7      | Bought a scroll of identify for 24 gold pieces
  9420 | D:7      | Reached ** piety under Sif Muna
  9632 | D:7      | Reached skill level 10 in Stealth
 10117 | D:8      | Noticed Grum
 10152 | D:8      | Reached XP level 10. HP: 52/56 MP: 1/13
 10162 | D:8      | Killed Grum
 10285 | D:8      | Reached skill level 11 in Stealth
 11225 | D:8      | Reached *** piety under Sif Muna
 11524 | D:8      | Noticed Erica
 11527 | D:8      | Killed Erica
 11965 | D:9      | Found a staircase to the Orcish Mines.
 11991 | D:9      | Found a blossoming altar of Fedhas.
 12264 | D:9      | Found a roughly hewn altar of Beogh.
 12586 | D:10     | Entered Level 10 of the Dungeon
 12668 | D:10     | Reached skill level 12 in Stealth
 13070 | D:10     | Noticed a two-headed ogre
 13082 | D:10     | Reached XP level 11. HP: 54/61 MP: 12/14
 13091 | D:10     | Killed a two-headed ogre
 13093 | D:10     | Reached **** piety under Sif Muna
 13523 | D:11     | Noticed a manticore
 13572 | D:11     | Killed a manticore
 13709 | D:11     | Reached skill level 1 in Fighting
 13711 | D:11     | Found a corrupted altar of Lugonu.
 14532 | D:11     | Found a staircase to the Lair.
 15024 | Lair:1   | Entered Level 1 of the Lair of Beasts
 15614 | Lair:1   | Noticed an oklob plant
 15695 | Lair:1   | Reached ***** piety under Sif Muna
 16384 | Lair:2   | Noticed a death yak
 16384 | Lair:2   | Noticed a death yak
 16384 | Lair:2   | Noticed a death yak
 16906 | Lair:1   | Killed a death yak
 16906 | Lair:1   | Reached skill level 5 in Dodging
 16906 | Lair:1   | Reached XP level 12. HP: 43/75 MP: 2/19
 17182 | Lair:2   | Reached skill level 5 in Spellcasting
 17261 | Lair:2   | Reached skill level 5 in Fighting
 17415 | Lair:2   | Learned a level 7 spell: Orb of Destruction
 17520 | Lair:1   | Killed a death yak
 17520 | Lair:1   | Received a gift from Sif Muna
 17520 | Lair:1   | Reached skill level 1 in Conjurations
 17756 | Lair:2   | Noticed a four-headed hydra
 17768 | Lair:2   | Killed a four-headed hydra
 18640 | Lair:1   | Killed a death yak
 20060 | Lair:3   | Noticed Fannar
 20769 | Lair:3   | Killed Fannar
 21148 | Lair:4   | Reached skill level 5 in Conjurations
 21559 | Lair:4   | Reached XP level 13. HP: 40/86 MP: 13/20
 22121 | Lair:4   | Found a staircase to the Swamp.
 22574 | Lair:4   | Found a hole to the Spider Nest.
 22679 | Lair:4   | Slain by a six-headed hydra

Skill      XL: |  1  2  3  4  5  6  7  8  9 10 11 12 13 |
---------------+----------------------------------------+-----
Stealth        | 3 4 5 6 7 9 10 12 | 12.0
Earth Magic    | 4 5 6 8 9 |  9.0
Short Blades   | 1 2 3 4 6 7 8 |  8.3
Transmutations | 2 3 4 6 8 9 |  9.2
Fighting       | 4 7 8 |  8.0
Dodging        | 5 7 8 |  8.4
Spellcasting   | 4 5 |  5.1
Conjurations   | 5 6 |  6.0

Action                   |  1- 3 |  4- 6 |  7- 9 | 10-12 | 13-15 || total
-------------------------+-------+-------+-------+-------+-------++-------
Melee: Unarmed           |    79 |    15 |       |       |       ||    94
       Constrict         |    29 |    31 |    57 |    53 |     5 ||   175
       Tentacles         |    14 |    19 |    37 |    71 |    13 ||   154
       Dagger            |       |    88 |   235 |   364 |    50 ||   737
Throw: Throwing net      |       |     1 |       |     2 |       ||     3
       Stone             |       |       |       |     1 |       ||     1
 Cast: Sandblast         |    18 |    28 |    48 |   100 |     5 ||   199
       Passwall          |       |     1 |     7 |    15 |       ||    23
       Petrify           |       |       |    11 |   111 |    19 ||   141
       Lee's Rapid Decon |       |       |       |     2 |       ||     2
Invok: Divine Energy     |       |       |     1 |       |       ||     1
  Use: Scroll            |     1 |     7 |    11 |     8 |       ||    27
       Potion            |       |     2 |     1 |       |       ||     3
 Stab: Sleeping          |    16 |    15 |    25 |    37 |       ||    93
       Distracted        |       |     2 |     1 |       |     1 ||     4
       Petrified         |       |       |     4 |    53 |    10 ||    67
       Petrifying        |       |       |     1 |    18 |     4 ||    23
       Held in net/web   |       |       |       |     2 |       ||     2
  Eat: Chunk             |     3 |    12 |    16 |    58 |     9 ||    98
       Ration            |       |       |     1 |     1 |       ||     2
Armor: Skin              |     9 |     5 |    19 |     8 |       ||    41
Dodge: Dodged            |    70 |    58 |   144 |   229 |    42 ||   543
